 Dungeon Crawl Stone Soup version 0.32-a0-913-g739538afd8 (webtiles) character file.

Game seed: 9993503012028910335

418 ezpacito the Trooper (level 6, 0/78 HPs)
             Began as a Coglin Chaos Knight on Apr 8, 2024.
             Was a Plaything of Xom.
             Succumbed to a scorpion's poison
             ... on level 4 of the Dungeon.
             The game lasted 00:03:38 (3098 turns).

ezpacito the Trooper (Coglin Chaos Knight)          Turns: 3098, Time: 00:03:38

Health: 0/78       AC: 10    Str: 11 (14) XL:     6   Next: 93%
Magic:  7/7        EV:  5    Int: 10 (12) God:    Xom [....*.]
Gold:   150        SH:  0    Dex: 11 (13) Spells: 2/7 levels left

rFire   . . .        a - +0 hand axe (chaos) {Beli-Ashared}
rCold   . . .        t - +0 trident {Feng}
rNeg    . . .        l - +0 chain mail
rPois   .            (no helmet)
rElec   .            (no cloak)
rCorr   .            i - +0 pair of gloves
SInv    .            (no boots)
Will    +....        (amulet unavailable) Stlth
                     (ring unavailable)
HPRegen 0.33/turn    (ring unavailable)
MPRegen 0.10/turn    (no gizmo)

%: random rage (3%)
@: berserking (expiring), lethally poisoned (0 -> -6), revved, very quick
A: off-hand wielding, slow wielding, warmup strikes, no jewellery, berserk 1,
strong-willed 1, robust 1, inability to read after injury 1
a: Invent Gizmo, Renounce Religion


You were on level 4 of the Dungeon.
You worshipped Xom.
You were a beloved toy of Xom.
You visited 2 branches of the dungeon, and saw 5 of its levels.

You collected 150 gold pieces.

Inventory:

Hand Weapons
 a - a +0 hand axe of chaos (weapon) {Beli-Ashared}
 t - a +0 trident (offhand) {Feng}
Missiles
 k - 5 atropa-tipped darts (quivered)
 n - 6 poisoned darts
 u - 3 boomerangs
Armour
 i - a +0 pair of gloves (worn)
 l - a +0 chain mail (worn)
Magical Staves
 q - a staff of fire
Wands
 s - a wand of iceblast (9)
Scrolls
 b - a scroll of noise {unknown}
 c - a scroll of butterflies
 d - a scroll of identify {unknown}
 e - a scroll of enchant armour {unknown}
 f - a scroll of vulnerability {unknown}
 g - a scroll of torment {unknown}
 h - a scroll of fog {unknown}
 j - a scroll of teleportation {unknown}
 m - 2 scrolls of immolation {unknown}
 o - a scroll of brand weapon {unknown}
 r - a scroll of fear {unknown}
Potions
 p - a potion of attraction


   Skills:
 * Level 4.0 Fighting
 * Level 3.9(4.2) Axes
 * Level 2.0(3.0) Polearms
 * Level 3.0 Armour
 * Level 2.4 Dodging
 + Level 1.3 Stealth
 + Level 1.1 Spellcasting
 + Level 0.7 Conjurations
 + Level 0.6 Necromancy
 + Level 1.6 Evocations


You had 2 spell levels left.
You knew the following spells:

 Your Spells              Type           Power      Damage    Failure   Level
a - Magic Dart            Conj           4%         1d3       100%        1
b - Dispel Undead         Necr           1%         3d6       100%        4

Your spell library contained the following spells:

 Spells                   Type           Power      Damage    Failure   Level
 Kiss of Death            Conj/Necr      4%         2d5       100%        1
 Blink                    Tloc           0%         N/A       100%        2
 Call Imp                 Summ           0%         N/A       100%        2
 Confusing Touch          Hex            0%         N/A       100%        3


Dungeon Overview and Level Annotations

Branches:
Dungeon (4/15)             Temple (1/1) D:4

Altars:
Ashenzari
Cheibriados
Dithmenos
Elyvilon
Fedhas
Gozag
Hepliaklqana
Kikubaaqudgha
Makhleb
Nemelex Xobeh
Okawaru
Ru
Sif Muna
Trog
Uskayaw
Vehumet
Wu Jian
Xom
Yredelemnul
Zin
The Shining One


Innate Abilities, Weirdness & Mutations

You can wield a second weapon in your off-hand.
It takes a long time for you to wield or remove held weapons.
Your first few attacks do less damage.
You cannot equip rings or amulets.
You sometimes lose your temper in combat.
You are strong-willed. (Will+)
You are robust. (+10% HP)
You occasionally lose the ability to read scrolls when taking damage.


Message History

You hit the scorpion but do no damage.
The scorpion is severely wounded.
You barely miss the scorpion with your +0 hand axe of chaos.
The scorpion stings you but does no damage.
You hit the scorpion with your +0 hand axe of chaos.
The scorpion convulses.
The scorpion is almost dead.
A red film seems to cover your vision as you go berserk!
You feel yourself moving faster!
You feel mighty!
You closely miss the scorpion with your +0 trident.
The scorpion stings you.
* * * LOW HITPOINT WARNING * * *
You are lethally poisoned!
The scorpion poisons you!
You now have 5/78 hp.
You closely miss the scorpion with your +0 trident.
The scorpion is almost dead.
You slash the scorpion with your +0 hand axe of chaos!
You kill the scorpion!
* * * LOW HITPOINT WARNING * * *
You feel sick.
You feel your dexterity returning.
Your Fighting skill increases to level 4!
Your base Polearms skill increases to level 2!
Your Armour skill increases to level 3!
You take 1 damage, and have 4/78 hp.
* * * LOW HITPOINT WARNING * * *
You feel sick.
You see here a scorpion corpse.
You take 2 damage, and have 2/78 hp.
There is a lethal amount of poison in your body!
You feel a strong urge to attack something.
You can read scrolls again.
* * * LOW HITPOINT WARNING * * *
You feel sick.
Things that are here:
a +0 whip; a throwing net; a gnoll corpse You take 1 damage, and have 1/78 hp.
You die...
Xom snickers!

.)....###..##..# .
>.........##..##.#
[.......###..###.##### ..#
###.........##.......# ....
###..........#.......##......
.............................
###........#.#.......#.#.#.#
..#.......#.#.#...[....#...####.
..#......#.#.#§#@§...[...........
..#.......#.>.#§§))..............
....)†##.#.#.#.#§§...............
...##.....#.#.#.§.....)..........
...........#.#...<...............
...##.#..........................
..###....######.#................
..##........###................b.
.............#####............bb#


There were no monsters in sight!

Vanquished Creatures
  A phantom (D:4)
  A scorpion (D:4)
  A bombardier beetle (D:3)
  An orc priest (D:3)
  A gnoll bouda (D:4)
  3 adders
  7 gnolls
  A ribbon worm (D:2)
  4 dart slugs
  7 orcs
  11 ball pythons
  3 bats
  5 endoplasms
  2 giant cockroaches (D:2)
  6 hobgoblins
  8 jackals
  5 kobolds
  3 quokkas
  4 frilled lizards
  3 goblins
  10 rats
87 creatures vanquished.

Vanquished Creatures (others)
  A hobgoblin zombie (D:3)
1 creature vanquished.

Grand Total: 88 creatures vanquished

Notes
Turn   | Place    | Note
-------+----------+-------------------------------------------
     0 | D:1      | ezpacito the Coglin Chaos Knight began the quest for the
                  | Orb.
     0 | D:1      | Reached XP level 1. HP: 18/18 MP: 1/1
   172 | D:1      | Reached skill level 1 in Dodging
   203 | D:1      | Reached XP level 2. HP: 24/24 MP: 2/2
   289 | D:1      | XOM: divination: detect creatures
   626 | D:1      | XOM: silly message
   913 | D:2      | Reached XP level 3. HP: 29/29 MP: 3/3
  1122 | D:2      | XOM: silly message
  1503 | D:2      | Reached XP level 4. HP: 35/35 MP: 4/4
  1547 | D:2      | Reached skill level 1 in Polearms
  1617 | D:2      | XOM: noise
  1744 | D:2      | XOM: noise
  1953 | D:3      | Found a blossoming altar of Fedhas.
  1994 | D:3      | Reached skill level 1 in Stealth
  1994 | D:3      | Reached XP level 5. HP: 13/41 MP: 4/6
  2137 | D:3      | XOM: noise
  2140 | D:3      | Learned a level 1 spell: Magic Dart
  2145 | D:3      | Learned a level 4 spell: Dispel Undead
  2243 | D:3      | XOM: give mutations
  2243 | D:3      | Gained mutation: You are strong-willed. (Will+) [Xom's
                  | mischief]
  2243 | D:3      | Gained mutation: You are robust. (+10% HP) [Xom's mischief]
  2243 | D:3      | Gained mutation: You occasionally lose the ability to read
                  | scrolls when taking damage. [Xom's mischief]
  2243 | D:3      | Gained mutation: You sometimes lose your temper in combat.
                  | [Xom's mischief]
  2316 | D:3      | Found a basalt altar of Yredelemnul.
  2459 | D:3      | XOM: stat loss: -1 Dex (12/13)
  2478 | D:3      | Reached skill level 1 in Evocations
  2882 | D:4      | Found a staircase to the Ecumenical Temple.
  2901 | D:4      | Noticed a phantom
  2905 | D:4      | XOM: enchant monster (bad)
  2907 | D:4      | XOM: summons 3 hostile demons
  2907 | D:4      | Noticed a ynoxinul
  2908 | D:4      | Killed a phantom
  2909 | D:4      | Reached XP level 6. HP: 52/52 MP: 7/7
  2952 | Temple   | XOM: noise
  2952 | Temple   | Entered the Ecumenical Temple
  3029 | D:4      | XOM: chaos upgrade
  3030 | D:4      | Reached skill level 1 in Spellcasting
  3030 | D:4      | XOM: polymorph orc wizard -> jackal
  3055 | D:4      | XOM: divination: detect items
  3069 | D:4      | XOM: enchant monster (good)
  3091 | D:4      | XOM: fog
  3096 | D:4      | Reached skill level 4 in Fighting
  3096 | D:4      | HP: 2/78 [poisoned by a scorpion]
  3098 | D:4      | Succumbed to a scorpion's poison

Illustrated notes

Levels and vault maps discovered:
D:1:      sevenhm_arrival_forest_fort_small_4, layout_basic
D:2:      layout_basic, st_stairs_2
D:3:      layout_basic, mainiacjoe_overflow_catch_the_wave, serial_corexii_hall,
          chequers_hall_statues_wall_a, corexii_hall_statues_deadend,
          nicolae_underground_beach
D:4:      layout_rooms, minmay_temple_entry_grid, serial_shops, shop
Temple:   compressed_dpeg_triangle_lava_temple

Skill      XL: |  1  2  3  4  5  6 |
---------------+-------------------+-----
Dodging        | 1 2 |  2.4
Armour         | 2 3 |  3.0
Polearms       | 1 2 |  2.0
Stealth        | 1 |  1.3
Evocations     | 1 |  1.6
Spellcasting   | 1 |  1.1
Fighting       | 4 |  4.0
Axes           | |  3.9
Conjurations   | |  0.7
Necromancy     | |  0.6

Action                     |  1- 3 |  4- 6 || total
---------------------------+-------+-------++-------
  Melee: Dagger            |    64 |     2 ||    66
         Hand axe          |    65 |    87 ||   152
         Trident           |       |   105 ||   105
    Use: Potion            |       |     6 ||     6
         Scroll            |       |     1 ||     1
   Stab: Sleeping          |     3 |       ||     3
         Confused          |     1 |       ||     1
 Armour: Leather armour    |    35 |     1 ||    36
         Chain mail        |       |    87 ||    87
  Dodge: Dodged            |    42 |    41 ||    83

Table legend: (Time is in decaauts)
 A = Elapsed time spent in this place.
 B = Non-inter-level travel time spent in this place.
 C = Inter-level travel time spent in this place.
 D = Time resting spent in this place.
 E = Time spent auto-exploring this place.
 F = Levels seen in this place.
 G = Mean time per level.
                   A        B        C        D        E       F      G
               +--------+--------+--------+--------+--------+-----+--------+
         Total |   3137 |   2843 |    294 |      4 |   2267 |   5 |  627.4 |
       Dungeon |   3070 |   2776 |    294 |      2 |   2203 |   4 |  767.5 |
        Temple |     67 |     67 |      0 |      2 |     64 |   1 |   67.0 |
               +--------+--------+--------+--------+--------+-----+--------+

Top non-repeatable levels by time:
     D:3: 1068 daAuts
     D:1: 909 daAuts
     D:2: 877 daAuts
     D:4: 214 daAuts
  Temple: 67 daAuts
